 Dungeon Sprint DCSS version 0.21.1-1-g345015f (webtiles) character file.

108 wilfster70 the Digger (level 4, -7/38 HPs)
             Began as a Gnoll Wanderer on June 6, 2018.
             Was a Follower of Cheibriados.
             Mangled by a two-headed ogre
             ... wielding a +0 giant spiked club
              (11 damage)
             ... in the Dungeon (Sprint V: "Ziggurat Sprint").
             The game lasted 00:03:37 (267 turns).

wilfster70 the Digger (Gnoll Wanderer)               Turns: 267, Time: 00:03:38

Health: -7/38      AC: 18    Str: 34    XL:     4   Next: 87%
Magic:  16/18      EV:  8    Int: 25    God:    Cheibriados [*.....]
Gold:   0          SH:  0    Dex: 14    Spells: 15/15 levels left

rFire    + . .     SeeInvis .   I - +6 Majin-Bo {vamp, Archmagi MP+6 Int+6}
rCold    + . .     Gourm    .   (shield currently unavailable)
rNeg     . . .     Faith    .   H - +5 gold dragon scales
rPois    +         Spirit   .   (no helmet)
rElec    .         Reflect  .   (no cloak)
rCorr    .         Harm     .   (no gloves)
MR       .....     NoTele   +   (no boots)
Stlth    ..........             (no amulet)
HPRegen  0.12/turn              B - +6 ring of strength
MPRegen  0.16/turn              C - +6 ring of strength

@: mighty, very slow
A: distributed training, fangs 1, strong nose
a: Bend Time, Renounce Religion


You were in the Dungeon.
You worshipped Cheibriados.
Cheibriados was aware of your devotion.
You were not hungry.

You visited 1 branch

Inventory:

Hand Weapons
 a - a +2 dagger
 I - the +6 Majin-Bo (weapon) {vamp, Archmagi MP+6 Int+6}
   (You found it in the Dungeon)

   It inflicts no extra harm, but heals its wielder when it wounds a living foe.
   It affects your intelligence (+6).
   It affects your magic capacity (+6).
Armour
 e - a +0 robe
 H - +5 gold dragon scales (worn)
Magical Staves
 G - an uncursed staff of energy
Jewellery
 x - a +6 ring of dexterity
 y - a +6 ring of dexterity
 z - a +6 ring of intelligence
 A - a +6 ring of intelligence
 B - a +6 ring of strength (left hand)
 C - a +6 ring of strength (right hand)
Wands
 D - a wand of disintegration (7)
 E - a wand of iceblast (7)
 F - a wand of acid (7)
Scrolls
 k - 4 scrolls of blinking
 r - 4 scrolls of amnesia
 s - 7 scrolls of fog
 t - a scroll of holy word
 u - 5 scrolls of identify
 v - 5 scrolls of remove curse
 w - 2 scrolls of fear
Potions
 b - 7 potions of haste
 g - 10 potions of curing
 h - 10 potions of heal wounds
 i - 7 potions of magic
 j - 3 potions of berserk rage
 l - 2 potions of brilliance
 m - 2 potions of invisibility
 n - 4 potions of resistance
 p - 5 potions of agility
 q - 4 potions of might
Books
 c - the Tome of the Beginning

   Spells                             Type                      Level
   a - Flame Tongue                   Conjuration/Fire             1
   b - Inner Flame                    Hexes/Fire                   3
 d - the Catalogue of the Sage

   Spells                             Type                      Level
   a - Sandblast                      Earth                        1
   b - Stone Arrow                    Conjuration/Earth            3
 o - a book of Clouds

   Spells                             Type                      Level
   a - Poisonous Vapours              Poison/Air                   2
   b - Mephitic Cloud                 Conjuration/Poison/Air       3
   c - Conjure Flame                  Conjuration/Fire             3
   d - Freezing Cloud                 Conjuration/Ice/Air          6
   e - Ring of Flames                 Charms/Fire                  7
Miscellaneous
 J - a box of beasts
Comestibles
 f - 6 rations


   Skills:
 + Level 4.4 Fighting
 + Level 4.4 Short Blades
 + Level 3.4 Long Blades
 + Level 3.4 Axes
 + Level 3.4 Maces & Flails
 + Level 3.4 Polearms
 + Level 3.4 Staves
 + Level 3.4 Slings
 + Level 3.4 Bows
 + Level 3.4 Crossbows
 + Level 3.4 Throwing
 + Level 3.4 Armour
 + Level 4.4 Dodging
 + Level 4.2 Stealth
 + Level 3.4 Shields
 + Level 3.4 Unarmed Combat
 + Level 6.1 Spellcasting
 + Level 2.8 Conjurations
 + Level 2.8 Hexes
 + Level 2.8 Charms
 + Level 2.8 Summonings
 + Level 2.8 Necromancy
 + Level 2.8 Translocations
 + Level 2.8 Transmutations
 + Level 2.8 Fire Magic
 + Level 2.8 Ice Magic
 + Level 2.8 Air Magic
 + Level 6.2 Earth Magic
 + Level 2.8 Poison Magic
 + Level 3.8 Invocations
 + Level 4.4 Evocations


You had 15 spell levels left.
You didn't know any spells.

Dungeon Overview and Level Annotations

Branches:
Dungeon (1/1)

Altars:
Ashenzari
Cheibriados
Dithmenos
Elyvilon
Fedhas
Gozag
Hepliaklqana
Kikubaaqudgha
Makhleb
Nemelex Xobeh
Okawaru
Qazlal
Ru
Sif Muna
Trog
Uskayaw
Vehumet
Wu Jian
Xom
Yredelemnul
Zin
The Shining One
Beogh
Jiyva
Lugonu

Annotations:
D 1 transporter


Innate Abilities, Weirdness & Mutations

Your experience applies equally to all skills.
You have very sharp teeth.
Your uncanny sense of smell can sniff out nearby items.


Message History

The two-headed ogre is heavily wounded.
The two-headed ogre hits you but does no damage.
The two-headed ogre hits you with a giant club!
You sock the two-headed ogre!
You feel better.
The two-headed ogre is heavily wounded.
The ogre closely misses you.
The two-headed ogre hits you but does no damage. x2
You bludgeon the two-headed ogre!!
You feel better.
The two-headed ogre is almost dead.
The ogre hits you with a giant club.
The two-headed ogre hits you with a giant spiked club!
The two-headed ogre hits you with a giant club.
You completely miss the two-headed ogre.
The two-headed ogre is almost dead.
The ogre hits you with a giant club!
* * * LOW HITPOINT WARNING * * *
The two-headed ogre hits you with a giant spiked club!
* * * LOW HITPOINT WARNING * * *
The two-headed ogre hits you with a giant club!
You die...

▓▓▓▓▓▓▓▓▓▓▓▓▓
▓.8©8.▓.8©8.▓
∆∆∆
▓.:)}.▓.....▓
∆
▓.....▓.....▓
▓.....▓.....▓
▓..)O.▓.....▓
▓.O@..▓..©..▓
▓..©..▓▓▓▓▓▓▓
▓▓▓▓▓▓▓ ∆∆∆
∆∆∆ ∆ ∆ ∆


You could see a two-headed ogre and an ogre.

Vanquished Creatures
  An ogre (D)
  A mummy (D)
  A bat zombie (D)
3 creatures vanquished.

Notes
Turn   | Place    | Note
-------+----------+-------------------------------------------
     0 | D        | Found the +6 Majin-Bo {vamp, Archmagi MP+6 Int+6}
     0 | D        | Found the +7 great mace "Firestarter" {inner flame, rF++}
     0 | D        | wilfster70 the Gnoll Wanderer began the quest for the Orb.
     0 | D        | wilfster70 set off with: a +2 dagger, 2 potions of haste, the Tome of the Beginning, the Catalogue of the Sage, a +0 robe, a ration, a potion of curing, a potion of heal wounds, 2 potions of magic, a potion of berserk rage, a scroll of blinking
     0 | D        | Reached XP level 1. HP: 17/17 MP: 6/6
     1 | D        | Found a blossoming altar of Fedhas.
     2 | D        | Found a deep blue altar of Sif Muna.
     2 | D        | Found a sacrificial altar of Ru.
     2 | D        | Found a bloodstained altar of Trog.
     2 | D        | Found a stormy altar of Qazlal.
     2 | D        | Found an iron altar of Okawaru.
     2 | D        | Found a sparkling altar of Nemelex Xobeh.
     4 | D        | Found a transporter.
     4 | D        | Found an ancient bone altar of Kikubaaqudgha.
     4 | D        | Found a viscous altar of Jiyva.
     4 | D        | Found a corrupted altar of Lugonu.
     4 | D        | Found a hazy altar of Hepliaklqana.
     4 | D        | Found a burning altar of Makhleb.
     4 | D        | Found an opulent altar of Gozag.
    24 | D        | Found the +9 heavy crossbow "Sniper" {velocity, Acc+∞ SInv}
    24 | D        | Found the +10 dark maul {crush}
    24 | D        | Found the +15 Maxwell's patent armour {-Cast -Tele rElec MR+ rCorr}
    24 | D        | Found the +18 shield of the Gong {rElec rN+ MR+ EV-5}
    24 | D        | Found the cursed +14 obsidian axe {chop, +Fly SInv *Curse}
    25 | D        | Found the +6 shillelagh "Devastator" {shatter}
    25 | D        | Found the +11 plutonium sword {*Contam Stlth-}
    25 | D        | Found the +8 lance "Wyrmbane" {slay drac, rPois rF+ rC+ AC+3}
    25 | D        | Found the +9 sword of Zonguldrok {reap}
    25 | D        | Found the cursed +13 scythe of Curses {drain, *Curse}
    25 | D        | Found the +0 sword of Power
    25 | D        | Found the +11 mace of Variability {chaos}
    25 | D        | Found the +7 Singing Sword
    25 | D        | Found the +7 longbow "Piercer" {penet, EV-2}
    65 | D        | Reached skill level 5 in Spellcasting
    65 | D        | Reached skill level 1 in Conjurations
    65 | D        | Reached skill level 1 in Hexes
    65 | D        | Reached skill level 1 in Charms
    65 | D        | Reached skill level 1 in Summonings
    65 | D        | Reached skill level 1 in Necromancy
    65 | D        | Reached skill level 1 in Translocations
    65 | D        | Reached skill level 1 in Transmutations
    65 | D        | Reached skill level 1 in Fire Magic
    65 | D        | Reached skill level 1 in Ice Magic
    65 | D        | Reached skill level 1 in Air Magic
    65 | D        | Reached skill level 1 in Poison Magic
    65 | D        | Reached XP level 2. HP: 24/24 MP: 6/8
   130 | D        | Became a worshipper of Cheibriados the Contemplative
   145 | D        | Entered arena 2.
   145 | D        | Found a transporter.
   257 | D        | Entered arena 3.
   257 | D        | Noticed a two-headed ogre
   257 | D        | Noticed an ogre
   257 | D        | Noticed an ogre
   257 | D        | Found a transporter.
   263 | D        | Killed an ogre
   263 | D        | Reached * piety under Cheibriados
   263 | D        | Reached XP level 3. HP: 31/31 MP: 10/10
   263 | D        | Reached XP level 4. HP: 38/38 MP: 12/12
   267 | D        | Mangled by a two-headed ogre

Skill      XL: |  1  2 |
---------------+-------+-----
Fighting       | 3 4 |  4.4
Short Blades   | 3 4 |  4.4
Long Blades    | 2 3 |  3.4
Axes           | 2 3 |  3.4
Maces & Flails | 2 3 |  3.4
Polearms       | 2 3 |  3.4
Staves         | 2 3 |  3.4
Slings         | 2 3 |  3.4
Bows           | 2 3 |  3.4
Crossbows      | 2 3 |  3.4
Throwing       | 2 3 |  3.4
Armour         | 2 3 |  3.4
Dodging        | 3 4 |  4.4
Stealth        | 3 4 |  4.2
Shields        | 2 3 |  3.4
Unarmed Combat | 2 3 |  3.4
Spellcasting   | 5 6 |  6.1
Conjurations   | 1 2 |  2.8
Hexes          | 1 2 |  2.8
Charms         | 1 2 |  2.8
Summonings     | 1 2 |  2.8
Necromancy     | 1 2 |  2.8
Translocations | 1 2 |  2.8
Transmutations | 1 2 |  2.8
Fire Magic     | 1 2 |  2.8
Ice Magic      | 1 2 |  2.8
Air Magic      | 1 2 |  2.8
Poison Magic   | 1 2 |  2.8
Invocations    | 2 3 |  3.8
Evocations     | 3 4 |  4.4
Earth Magic    | 6 |  6.2

Action                   |  1- 3 |  4- 6 || total
-------------------------+-------+-------++-------
Melee: Quarterstaff      |     8 |     4 ||    12
  Use: Potion            |     2 |       ||     2
  Eat: Ration            |     1 |       ||     1
Armor: Gold dragon scale |    12 |     3 ||    15
Dodge: Dodged            |     1 |     3 ||     4
